 Dungeon Crawl Stone Soup version 0.30-a0-916-g9813417 (webtiles) character file.

Game seed: 4266217865844580328

14094 Dorkslayer the Fighter (level 12, -13/115 HPs)
             Began as a Gargoyle Fighter on Apr 16, 2023.
             Was an Initiate of Gozag.
             Mangled by an orc knight
             ... wielding a +0 great sword
              (34 damage)
             ... on level 2 of the Orcish Mines.
             The game lasted 00:59:38 (7977 turns).

Dorkslayer the Fighter (Gargoyle Fighter)           Turns: 7977, Time: 00:59:40

Health: -13/115    AC: 32    Str: 31    XL:     12   Next: 12%
Magic:  21/21      EV: 14    Int:  7    God:    Gozag
Gold:   2321       SH:  8    Dex: 10    Spells: 11/11 levels left

rFire   . . .      SeeInvis .    a - +1 war axe (vamp)
rCold   + . .      Faith    .    D - +3 buckler of Refywkyd {Str+3}
rNeg    + . .      Spirit   .    G - +2 plate armour {rC+}
rPois   ∞          Reflect  .    s - +0 helmet
rElec   +          Rampage  .    (no cloak)
rCorr   .                        E - +2 pair of gloves
Will    .....                    I - +0 pair of boots Stlth
                                 i - amulet of regeneration
HPRegen 1.19/turn                h - ring of magical power
MPRegen 0.17/turn                H - +5 ring of evasion

@: berserking (expiring), gold aura, hasted, studying Fighting, very quick
A: sickness immunity, AC +8, negative energy resistance 1, electricity
resistance, torment resistance 1, petrification resistance, iridescent scales 1,
strong 1
a: Renounce Religion, Potion Petition, Call Merchant, Bribe Branch


You were on level 2 of the Orcish Mines.
You worshipped Gozag.
Gozag was most pleased with you.
You visited 3 branches of the dungeon, and saw 13 of its levels.
You also visited: Volcano.

You collected 3831 gold pieces.
You spent 1412 gold pieces at shops.
You paid 98 gold pieces to Gozag.

Inventory:

Hand Weapons
 a - a +1 vampiric war axe (weapon)
 g - a +1 hand axe of flaming
 A - a +2 flail of holy wrath
Missiles
 d - 13 boomerangs (quivered)
 t - 3 silver boomerangs
 w - 3 boomerangs of dispersal
 B - a throwing net
Armour
 s - a +0 helmet (worn)
 D - the +3 buckler of Refywkyd (worn) {Str+3}
   (You found it on level 7 of the Dungeon)

   Str:       It affects your strength (+3).
 E - a +2 pair of gloves (worn)
 G - a +2 plate armour of cold resistance (worn)
 I - a +0 pair of boots (worn)
Jewellery
 h - a ring of magical power (left hand)
 i - an amulet of regeneration (around neck)
 H - a +5 ring of evasion (right hand)
Wands
 b - a wand of polymorph (4)
 p - a wand of flame (37)
 y - a wand of digging (3)
Scrolls
 l - 2 scrolls of teleportation
 r - 2 scrolls of fear
 v - a scroll of blinking
Potions
 f - 3 potions of lignification
 j - 2 potions of curing
 k - 3 potions of attraction
 m - 2 potions of berserk rage
 o - 5 potions of brilliance
 q - 2 potions of flight
 x - 2 potions of invisibility {unknown}
 C - 2 potions of degeneration {unknown}
 J - 2 potions of magic
Miscellaneous
 u - a box of beasts (inert)


   Skills:
 * Level 9.6 Fighting
 + Level 6.5(7.2) Axes
 + Level 4.9(6.7) Maces & Flails
 + Level 1.9 Throwing
 + Level 8.6 Armour
 + Level 6.0 Dodging
 + Level 8.4 Shields
 + Level 8.5 Evocations


You had 11 spell levels left.
You didn't know any spells.
Your spell library was empty.

Dungeon Overview and Level Annotations

Branches:
Dungeon (10/15)            Temple (1/1) D:5            Lair (0/5) D:10
    Orc (2/2) D:10            Elf (0/3) Orc:2       Volcano (visited)

Altars:
Ashenzari
Cheibriados
Dithmenos
Elyvilon
Fedhas
Gozag
Hepliaklqana
Kikubaaqudgha
Qazlal
Sif Muna
Uskayaw
Vehumet
Wu Jian
Xom
Yredelemnul
Zin

Shops:
D:6 :   Orc:1 !

Annotations:
D:3 1 runed translucent door, Crazy Yiuf
D:10 exclusion: oklob plant


Innate Abilities, Weirdness & Mutations

You are immune to sickness and miasma.
Your stone body is resilient. (AC +8)
You are immune to poison.
You resist negative energy. (rN+)
You are resistant to electric shocks. (rElec)
You are resistant to unholy torment.
You are immune to petrification.
You are partially covered in iridescent scales. (AC +2)
Your muscles are strong. (Str +4, Int/Dex -1)


Message History

You hit the orc knight.
The orc knight is heavily wounded.
You closely miss the orc knight. The orc warrior misses you.
The orc knight barely misses you.
The orc knight hits you with a +0 great sword!!
You closely miss the orc knight.
The orc knight is heavily wounded.
You closely miss the orc knight.
The orc warrior hits you but does no damage.
The orc knight roars a battlecry!
The orc knight closely misses you.
You hear a shout!
You completely miss the orc knight.
The orc knight is severely wounded.
You barely miss the orc knight.
The orc warrior hits you from afar with a +2 glaive of protection!!
* * * LOW HITPOINT WARNING * * *
An orc sorcerer comes into view.
It is wielding a +0 dagger and wearing a +2 robe of willpower.
The orc knight hits you with a +0 great mace.
* * * LOW HITPOINT WARNING * * *
You block the orc knight's attack.
You hit the orc knight but do no damage.
The orc knight is heavily wounded.
You slash the orc knight!
You feel better.
The orc warrior hits you from afar with a +2 glaive of protection.
* * * LOW HITPOINT WARNING * * *
The orc knight hits you with a +0 great mace.
* * * LOW HITPOINT WARNING * * *
You slash the orc knight!
The orc knight is severely wounded.
You barely miss the orc knight. The orc knight barely misses you.
You block the orc warrior's attack. The orc knight barely misses you.
Unknown command.
You closely miss the orc knight.
The orc knight is severely wounded.
You slash the orc knight!
You kill the orc knight!
The orc knight hits you with a +0 great sword!!
You die...
Your body crumbles into a pile of gold.

#.....###.#......###### *,,,,***
##.....###......###...###*,,,,,*,
#......####.#...##......##*,,,**,
##.#...#.##.#..##...$.÷..#**,,,,,
##............#....##..÷.,*,,,,,
##....)......##..o##**,,.,**,,,,
#....))......#..o.#*,,,,,,,**,**
##...))........o$##,,,,,,,,,*,**
#.............$@.#*,,,,,,,,,*,,*
##...............#**,,,,,,,,*,**
#...............# *,,,,,,,,****
##...........[..###,,,,,,,,* **
##..#.........)...##,,,,,,****,
#........#...).[...#∩,,,,∩*,*,,
##.......[).)....#.#*,,,,**,,*,
##......)........##**∩∩***,,,,
##..............### **** **,*,


You could see an orc knight (strong), an orc sorcerer (strong) and an orc
warrior (strong).

Vanquished Creatures
  2 orc high priests
  2 orc knights (Orc:2)
  An ugly thing (D:9)
  An efreet (Volcano)
  A gargoyle (Volcano)
  3 trolls
  Prince Ribbit (D:5)
  Grinder (D:5)
  A shadow (D:10)
  A wraith (D:10)
  2 wyverns (D:8)
  4 fire elementals (Volcano)
  8 yaks
  3 wargs
  2 water moccasins
  2 acid dragons
  A sky beast (D:5)
  23 orc warriors
  2 ice beasts
  6 black bears
  7 ogres
  4 centaurs
  3 kobold brigands
  4 bullfrogs
  3 scorpions (D:5)
  2 gnoll sergeants
  6 howler monkeys
  2 hounds
  3 jellies
  5 gnoll boudas
  15 orc priests
  3 sleepcaps
  7 iguanas
  20 orc wizards
  Robin (D:3)
  26 gnolls
  7 adders
  A shadow imp (D:8)
  2 white imps (D:6)
  A worm (D:5)
  3 dart slugs
  90 orcs
  4 ball pythons
  5 endoplasms
  4 giant cockroaches
  16 goblins
  11 hobgoblins
  2 quokkas (D:1)
  A bat (D:2)
  2 frilled lizards (D:2)
  14 kobolds
  6 rats
347 creatures vanquished.

Vanquished Creatures (collateral kills)
  A two-headed ogre (D:10)
1 creature vanquished.

Vanquished Creatures (others)
  6 fungi (D:7)
  15 plants
21 creatures vanquished.

Grand Total: 369 creatures vanquished

Notes
Turn   | Place    | Note
-------+----------+-------------------------------------------
     0 | D:1      | Dorkslayer the Gargoyle Fighter began the quest for the
                  | Orb.
     0 | D:1      | Reached XP level 1. HP: 14/14 MP: 1/1
   140 | D:1      | Reached XP level 2. HP: 14/19 MP: 2/2
   568 | D:2      | Reached skill level 1 in Dodging
   576 | D:2      | Reached XP level 3. HP: 23/23 MP: 3/3
   793 | D:2      | Reached XP level 4. HP: 29/29 MP: 4/4
  1227 | D:3      | Noticed a +0 dagger
  1228 | D:3      | Noticed a +0 dagger
  1229 | D:3      | Found a hide-covered altar of Uskayaw.
  1402 | D:3      | Noticed Robin
  1404 | D:3      | Reached XP level 5. HP: 33/33 MP: 5/5
  1418 | D:3      | Killed Robin
  1451 | D:3      | Found a runed translucent door.
  1452 | D:3      | Noticed Crazy Yiuf
  1566 | D:4      | Noticed a black bear
  1571 | D:4      | Noticed a black bear
  1573 | D:4      | Killed a black bear
  1574 | D:4      | Reached skill level 4 in Fighting
  1574 | D:4      | Reached skill level 1 in Evocations
  1574 | D:4      | Reached XP level 6. HP: 32/38 MP: 6/6
  1583 | D:4      | Killed a black bear
  1603 | D:4      | Noticed a black bear
  1617 | D:4      | Killed a black bear
  1648 | D:4      | Found a stormy altar of Qazlal.
  1669 | D:4      | Found a white marble altar of Elyvilon.
  1754 | D:4      | Reached XP level 7. HP: 32/44 MP: 7/7
  1942 | D:5      | Entered Level 5 of the Dungeon
  2173 | D:5      | Reached XP level 8. HP: 48/48 MP: 8/8
  2197 | D:5      | Noticed Prince Ribbit
  2216 | D:5      | Killed Prince Ribbit
  2217 | D:5      | Reached skill level 5 in Fighting
  2217 | D:5      | Reached skill level 5 in Armour
  2217 | D:5      | Reached skill level 5 in Shields
  2264 | D:5      | Found a staircase to the Ecumenical Temple.
  2296 | Temple   | Entered the Ecumenical Temple
  2343 | Temple   | Became a worshipper of Gozag Ym Sagoz the Greedy
  2381 | D:5      | Noticed Grinder
  2387 | D:5      | Paralysed by Grinder for 4 turns
  2399 | D:5      | Killed Grinder
  2802 | D:5      | Reached XP level 9. HP: 50/55 MP: 9/9
  2861 | D:5      | Reached skill level 5 in Evocations
  3117 | D:6      | Reached skill level 6 in Fighting
  3251 | D:6      | Found Wegai's Self-Improvement Boutique.
  3483 | D:7      | Identified the +6 hand axe "Iwkian" {drain, rElec Will+
                  | MP+9 Stlth-}
  3852 | D:7      | Identified the +3 buckler of Refywkyd {Str+3}
  3961 | D:7      | Gained mutation: Your body sometimes deteriorates upon
                  | taking damage. [potion of mutation]
  3961 | D:7      | Gained mutation: You have a beak for a mouth. [potion of
                  | mutation]
  3962 | D:7      | Lost mutation: Your body sometimes deteriorates upon taking
                  | damage. [potion of mutation]
  3962 | D:7      | Lost mutation: You have a beak for a mouth. [potion of
                  | mutation]
  3962 | D:7      | Gained mutation: Your muscles are strong. (Str +4, Int/Dex
                  | -1) [potion of mutation]
  3962 | D:7      | Gained mutation: You are partially covered in iridescent
                  | scales. (AC +2) [potion of mutation]
  4169 | D:7      | Reached skill level 1 in Maces & Flails
  4361 | D:7      | Reached XP level 10. HP: 61/61 MP: 10/10
  4411 | D:7      | Reached skill level 5 in Axes
  4984 | D:8      | Reached skill level 7 in Fighting
  5139 | D:8      | Reached skill level 5 in Dodging
  5169 | D:8      | Found a broken altar of Ashenzari.
  5419 | D:9      | Noticed a green ugly thing
  5438 | D:9      | Killed a green ugly thing
  5830 | D:9      | Reached XP level 11. HP: 67/67 MP: 11/11
  5962 | D:10     | Entered Level 10 of the Dungeon
  6281 | D:10     | Found a staircase to the Orcish Mines.
  6363 | D:10     | Found a staircase to the Lair.
  6363 | D:10     | Noticed an oklob plant
  6872 | Orc:1    | Entered Level 1 of the Orcish Mines
  6874 | Orc:1    | Noticed a two-headed ogre
  6890 | D:10     | Killed a two-headed ogre
  6948 | Orc:1    | Identified a scroll of acquirement
  6948 | Orc:1    | Acquired 847 gold pieces
  7238 | Orc:1    | Found Potame Xoss's Distillery.
  7250 | Orc:1    | Bought a potion of might for 48 gold pieces
  7250 | Orc:1    | Bought a potion of might for 48 gold pieces
  7250 | Orc:1    | Bought a potion of berserk rage for 60 gold pieces
  7250 | Orc:1    | Bought a potion of berserk rage for 60 gold pieces
  7250 | Orc:1    | Bought a potion of heal wounds for 60 gold pieces
  7250 | Orc:1    | Bought a potion of magic for 96 gold pieces
  7357 | D:6      | Bought a manual of Fighting for 1040 gold pieces
  7470 | Orc:1    | Noticed an orc high priest
  7477 | Orc:1    | Noticed a soul eater
  7478 | Orc:1    | Reached skill level 8 in Fighting
  7499 | Orc:1    | Killed an orc high priest
  7599 | Orc:2    | Entered Level 2 of the Orcish Mines
  7604 | Orc:2    | Found a staircase to the Elven Halls.
  7634 | Orc:2    | Noticed an orc knight
  7665 | Orc:2    | Found a dark tunnel.
  7672 | Volcano  | Entered a volcano
  7693 | Volcano  | Reached skill level 1 in Throwing
  7762 | Orc:2    | Reached skill level 9 in Fighting
  7845 | Orc:2    | Reached XP level 12. HP: 76/76 MP: 12/12
  7943 | Orc:2    | Noticed an orc high priest
  7956 | Orc:2    | Killed an orc high priest
  7977 | Orc:2    | Mangled by an orc knight

Illustrated notes

Levels and vault maps discovered:
D:1:      minmay_arrival_four_loops, layout_basic,
          hangedman_abyss_or_decor_lesser_grid, minmay_pentomino_q2
D:2:      minmay_angry_zag, layout_basic
D:3:      layout_rooms, dancing_weapons_uskayaw, uniq_robin,
          uniq_crazy_yiuf_cottage
D:4:      layout_rooms, mainiacjoe_overflow_large_starburst
D:5:      layout_basic, minmay_temple_entry_junction_2, uniq_prince_ribbit1,
          uniq_grinder
D:6:      layout_cave_pools, skrybe_limestone_x, nicolae_shop_self_help
D:7:      kennysheep_seaside_town, layout_basic, grunt_decor_one_mirror
D:8:      layout_rooms, evilmike_ruin_ashenzari, bh_walls_and_bars
D:9:      layout_cave_pools
D:10:     layout_long_grid, dpeg_oklobed_lair, david_orc_3
Temple:   mainiacjoe_temple_coin_purse
Orc:1:    layout_diamond_mine, serial_shops, shop_statue, kennysheep_orc_chapel
Orc:2:    grunt_orc_tribal_feast, layout_caves, nicolae_volcano_entry_lava_flow,
          uniq_jorgrun

Skill      XL: |  1  2  3  4  5  6  7  8  9 10 11 12 |
---------------+-------------------------------------+-----
Axes           | 2 3 4 5 6 |  6.5
Dodging        | 1 2 3 4 5 6 |  6.0
Shields        | 4 5 6 7 8 |  8.4
Fighting       | 4 5 6 7 9 |  9.6
Armour         | 4 5 6 7 8 |  8.6
Evocations     | 1 2 3 4 6 7 8 |  8.5
Maces & Flails | 1 3 4 |  4.9
Throwing       | 1 |  1.9

Action                     |  1- 3 |  4- 6 |  7- 9 | 10-12 || total
---------------------------+-------+-------+-------+-------++-------
  Melee: War axe           |    89 |   106 |   401 |   613 ||  1209
         Flail             |       |       |    49 |       ||    49
  Throw: Boomerang         |       |       |     6 |     1 ||     7
         Dart              |       |       |       |     1 ||     1
  Evoke: Wand              |       |     3 |    10 |     7 ||    20
         Box of beasts     |       |       |       |     1 ||     1
    Use: Scroll            |       |     2 |    11 |     8 ||    21
         Potion            |       |     1 |     6 |    10 ||    17
   Stab: Distracted        |       |       |       |     1 ||     1
 Armour: Scale mail        |     8 |       |   299 |       ||   307
         Chain mail        |    49 |    86 |    10 |       ||   145
         Plate armour      |       |       |       |   356 ||   356
  Dodge: Dodged            |    50 |    44 |   269 |   298 ||   661
  Block: Buckler           |    28 |    31 |   182 |   291 ||   532

Table legend: (Time is in decaauts)
 A = Elapsed time spent in this place.
 B = Non-inter-level travel time spent in this place.
 C = Inter-level travel time spent in this place.
 D = Time resting spent in this place.
 E = Time spent auto-exploring this place.
 F = Levels seen in this place.
 G = Mean time per level.
                   A        B        C        D        E       F      G
               +--------+--------+--------+--------+--------+-----+--------+
         Total |   8338 |   8122 |    216 |     42 |   2528 |  14 |  595.6 |
       Dungeon |   7370 |   7177 |    193 |     42 |   2462 |  10 |  737.0 |
        Temple |     61 |     61 |      0 |      0 |     33 |   1 |   61.0 |
  Orcish Mines |    845 |    823 |     22 |      0 |     33 |   2 |  422.5 |
       Volcano |     61 |     61 |      0 |      0 |      0 |   1 |   61.0 |
               +--------+--------+--------+--------+--------+-----+--------+

Top non-repeatable levels by time:
     D:7: 1430 daAuts
    D:10: 1021 daAuts
     D:5: 893 daAuts
     D:8: 674 daAuts
     D:9: 662 daAuts
     D:6: 655 daAuts
     D:2: 562 daAuts
     D:1: 554 daAuts
   Orc:1: 541 daAuts
     D:3: 514 daAuts
     D:4: 400 daAuts
   Orc:2: 303 daAuts
  Temple: 61 daAuts
 Volcano: 61 daAuts
